 Dungeon Crawl Stone Soup version 0.18.1-8-gdd0e5ea (webtiles) character file.

60333 epen the Envoy of Void (level 14, -11/108 HPs)
             Began as a Demonspawn Abyssal Knight on May 24, 2016.
             Was a High Priest of Lugonu.
             Mangled by Snorg (12 damage)
             ... on level 12 of the Dungeon.
             The game lasted 01:13:07 (36147 turns).

epen the Envoy of Void (Demonspawn Abyssal Knight) Turns: 36147, Time: 01:13:08

Health: -11/108    AC: 35    Str: 20    XL:     14   Next: 56%
Magic:  22/26      EV:  7    Int: 15    God:    Lugonu [*****.]
Gold:   1002       SH:  4    Dex: 13    Spells: 0 memorised, 13 levels left

rFire  + . .     SeeInvis .     J - +0 great sword (freeze)
rCold  + + +     Gourm    .     T - +2 crystal plate armour {rC+}
rNeg   . . .     Faith    +     (shield currently unavailable)
rPois  .         Spirit   .     y - +1 hat {rC+}
rElec  .         Dismiss  .     V - +0 cloak
rCorr  .         Reflect  .     (no gloves)
SustAt .         Harm     .     n - +0 pair of boots
MR     +....                    K - amulet of faith
Stlth  ..........               F - +6 ring of protection
                                m - +4 ring of strength

@: somewhat resistant to hostile enchantments, extremely unstealthy
A: antennae 2, large bone plates 3, cold resistance 1, demonic guardian 1, fire
resistance 1, mutation resistance 1, flame cloud immunity
a: Depart the Abyss, Bend Space, Banish, Corrupt, Enter the Abyss, Renounce
Religion


You were on level 12 of the Dungeon.
You worshipped Lugonu.
Lugonu was extremely pleased with you.
You were not hungry.

You visited 2 branches of the dungeon, and saw 20 of its levels.
You visited the Abyss 1 time.
You also visited: Ice Cave.

You collected 1325 gold pieces.
You spent 323 gold pieces at shops.

Inventory:

Hand Weapons
 z - a +3 dagger of draining
 I - a +0 scimitar of venom
 J - a +0 great sword of freezing (weapon)
 N - a +2 dagger of venom
Armour
 n - a +0 pair of boots (worn)
 y - a +1 hat of cold resistance (worn)
 L - a +0 buckler of cold resistance
 P - the +1 chain mail of Divine Intervention {rPois}
   (You found it on level 9 of the Dungeon)

   It protects you from poison.
 T - a +2 crystal plate armour of cold resistance (worn)
 V - a +0 cloak (worn)
 X - a steam dragon hide
Jewellery
 m - a +4 ring of strength (left hand)
 o - an uncursed amulet of magic regeneration {unknown}
 D - an uncursed ring of ice
 F - a +6 ring of protection (right hand)
 H - an uncursed ring of fire
 K - an amulet of faith (around neck)
 Q - an uncursed amulet of regeneration {unknown}
 U - an uncursed ring of protection from magic
Wands
 a - a wand of teleportation (5/9)
 h - a wand of teleportation (2/9)
 C - a wand of iceblast (5/15)
 O - a wand of disintegration (13/24)
Scrolls
 i - 6 scrolls of remove curse
 j - 2 scrolls of magic mapping
 p - 6 scrolls of enchant weapon
 t - 6 scrolls of fog
 u - 8 scrolls of recharging
 G - 2 scrolls of enchant armour
 S - 2 scrolls of blinking
 W - 2 scrolls of brand weapon
 Y - 2 scrolls of fear
Potions
 b - a potion of invisibility
 d - 2 potions of curing
 e - 4 potions of cancellation
 g - 3 potions of might
 k - 2 potions of ambrosia
 l - 3 potions of haste
 r - 7 potions of flight
 w - 3 potions of lignification
 A - 5 potions of brilliance
 E - 2 potions of magic
 M - a potion of agility
 Z - a potion of resistance
Miscellaneous
 B - an ornate deck of wonders {drawn: 1}
Comestibles
 c - 14 bread rations
 f - 5 slices of pizza
 q - 5 beef jerkies
 s - 8 chunks of flesh
 v - a meat ration
 x - 25 fruits


   Skills:
 + Level 9.6 Fighting
 * Level 11.5 Long Blades
 + Level 8.3 Armour
 * Level 11.3 Dodging
 - Level 5.2 Shields
 * Level 16.2 Invocations
 + Level 4.0 Evocations


You had 13 spell levels left.
You didn't know any spells.

Dungeon Overview and Level Annotations

Branches:
Dungeon (12/15)            Temple (0/1) D:5            Lair (8/8) D:8
  Swamp (0/4) Lair:3        Snake (0/4) Lair:6        Slime (0/6) Lair:6
    Orc (0/2) D:11

Altars:
Ashenzari
Kikubaaqudgha
Nemelex Xobeh
Okawaru
Pakellas
Qazlal
Ru
Sif Muna
Trog
Xom
Yredelemnul
Zin
The Shining One

Shops:
D:4 %   D:7 [   D:12 (}

Annotations:
D:2 Sigmund
D:12 Snorg
Lair:6 corrupted
Abyss:1 Dowan, Duvessa, Fannar, Menkaure


Innate Abilities, Weirdness & Mutations

You have a pair of antennae on your head.
You are completely covered in large bone plates (AC +4, SH +4).
A weak demonic guardian rushes to your aid.
Your flesh is heat resistant.
You are immune to clouds of flame.
Your flesh is cold resistant.
You are somewhat resistant to further mutation.


Message History

Snorg barely misses you. Snorg claws you. Snorg claws you but does no damage.
You slice Snorg!! You freeze Snorg.
Snorg is almost dead.
Snorg bites you but does no damage. Snorg claws you but does no damage.
Snorg misses you. Snorg bites you! Snorg claws you but does no damage.
You block Snorg's attack.
Your crystal plate armour prevents you from hitting Snorg.
Snorg is almost dead.
Snorg bites you.
* * * LOW HITPOINT WARNING * * *
Snorg claws you but does no damage. Snorg barely misses you.
Press: ? - help, Shift-Dir - straight line, f - Snorg
Aim: Snorg (almost dead, berserk, fast, unusually strong, chance to defeat MR: 63%) Snorg resists with significant effort.
You feel somewhat more hungry. Snorg bites you but does no damage.
Snorg claws you!
* * * LOW HITPOINT WARNING * * *
Snorg claws you but does no damage. Snorg bites you!!
* * * LOW HITPOINT WARNING * * *
Snorg claws you!
You die...

#........ #.#.....
#........####)#.....
#......>....#)#.....
##...o.......#.#.....
............#....[..
###)...####.).#.#.....
#...{..#.#.......#.##.
####..y####...#.##.##....
......oHT@............<...
.####..o####.###.########.
#...##................
............./.........
####.#############.#####
#H { #....... #. #..#####
.. #..# # #..# #


You could see Snorg (berserk), a hippogriff, a vampire mosquito and 2 orcs.

Vanquished Creatures
  2 catoblepae
  A deep troll shaman (Lair:8)
  2 death yaks (Lair:8)
  Pikel (D:6)
  A hill giant (D:11)
  3 ugly things
  4 griffons
  10 black mambas
  2 ice statues (IceCv)
  12 elephants
  A torpor snail (Lair:8)
  A kobold demonologist (D:12)
  4 rime drakes
  A gargoyle (D:11)
  10 komodo dragons
  12 spiny frogs
  8 ice devils (IceCv)
  5 polar bears
  A two-headed ogre (D:12)
  10 blink frogs
  A boulder beetle (Lair:8)
  A wyvern (Lair:3)
  36 yaks
  3 basilisks
  2 humans (D:9)
  2 steam dragons
  2 swamp worms
  3 wargs (D:11)
  16 hippogriffs
  8 soldier ants (Lair:5)
  14 water moccasins
  14 porcupines
  4 black bears
  3 sky beasts
  3 phantoms
  An orc warrior (D:8)
  5 ice beasts
  A necrophage (D:6)
  2 ogres (D:7)
  10 wolves
  17 crocodiles
  9 centaurs
  A big kobold (D:10)
  Blork the orc (D:6)
  11 giant frogs
  A gnoll sergeant (D:6)
  6 scorpions
  A wyvern skeleton (D:12)
  10 killer bees (D:12)
  10 wights
  2 howler monkeys
  A crimson imp (D:12)
  3 jellies
  3 giant frog skeletons
  2 orc priests
  A centaur zombie (D:12)
  4 hounds
  3 quasits
  2 centaur skeletons
  Jessica (D:3)
  25 worker ants
  10 iguanas
  11 orc wizards
  12 sheep
  2 giant frog simulacra
  A hound zombie (D:6)
  A worker ant zombie (D:10)
  Robin (D:4)
  4 gnolls
  11 adders
  62 river rats
  A hound simulacrum (D:10)
  3 shadow imps
  9 white imps
  10 ufetubi (IceCv)
  3 oozes
  An adder skeleton (D:5)
  19 worms
  2 dart slugs
  5 giant geckos
  41 orcs
  4 giant cockroaches
  18 goblins
  9 hobgoblins
  26 jackals
  2 quokkas
  4 ball pythons
  10 bats
  6 giant newts
  15 kobolds
  6 rats
645 creatures vanquished.

Vanquished Creatures (collateral kills)
  A deep elf mage (Lair:4)
  A griffon (Lair:8)
  2 black mambas
  A spiny frog (Lair:2)
  2 rime drakes
  A komodo dragon (Lair:5)
  A blink frog (Lair:8)
  A polar bear (D:10)
  3 yaks
  2 basilisks
  2 water moccasins
  A wolf (D:10)
  2 giant frogs
  A wight (D:10)
  A sheep (Lair:2)
  A river rat (Lair:3)
  2 orcs (D:10)
  A ball python (Lair:6)
26 creatures vanquished.

Vanquished Creatures (others)
  Maud (Lair:6)
  The ghost of Stoats the Destroyer, a journeyman DrCj of Cheibriados (Lair:7)
  An ice dragon (Lair:6)
  6 hydras
  A queen ant (Lair:5)
  A death yak (Lair:8)
  The ghost of ilikecats the Cleaver, a novice HOFi of Kikubaaqudgha (D:7)
  An orange crystal statue (D:2)
  10 black mambas
  8 spiny frogs
  4 komodo dragons
  A giant leech (Lair:3)
  2 polar bears (Lair:6)
  4 blink frogs
  A hippogriff (Lair:7)
  A yak (Lair:6)
  A basilisk (Lair:2)
  A swamp worm (Lair:2)
  4 water moccasins
  2 porcupines
  A phantom (D:8)
  A wolf (Lair:6)
  A crocodile (Lair:2)
  A giant frog (D:7)
  4 killer bees (D:9)
  3 electric eels
  A crimson imp (D:5)
  2 orc priests
  12 jellies (Lair:6)
  An iguana (D:4)
  An adder (Lair:6)
  7 river rats (Lair:6)
  2 ufetubi (IceCv)
  2 oozes (Lair:6)
  An orc (D:10)
  A jackal (D:4)
  29 fungi
  22 plants
  2 starspawn tentacles (Lair:6)
146 creatures vanquished.

Grand Total: 817 creatures vanquished

Notes
Turn   | Place    | Note
--------------------------------------------------------------
     0 | Abyss:1  | epen the Demonspawn Abyssal Knight began the quest for the Orb.
     0 | Abyss:1  | Reached XP level 1. HP: 18/18 MP: 2/2
     5 | D:1      | Escaped the Abyss
    79 | D:1      | Reached skill level 3 in Invocations
    84 | D:1      | Gained mutation: You are partially covered in large bone plates (AC +2, SH +2). [demonic ancestry]
    84 | D:1      | Reached XP level 2. HP: 15/24 MP: 2/4
   364 | D:1      | Reached skill level 1 in Dodging
   538 | D:1      | Reached ** piety under Lugonu
   576 | D:1      | Reached XP level 3. HP: 25/29 MP: 5/5
   957 | D:2      | Noticed Sigmund
  1296 | D:2      | Reached skill level 4 in Invocations
  1339 | D:2      | Gained mutation: Your flesh is heat resistant. [demonic ancestry]
  1339 | D:2      | Reached XP level 4. HP: 13/35 MP: 7/7
  2263 | D:2      | Reached *** piety under Lugonu
  2314 | D:2      | Found an oddly glowing altar of Pakellas.
  2314 | D:2      | Noticed an orange crystal statue
  2315 | D:2      | Noticed a wasp
  2347 | D:2      | Killed an orange crystal statue
  2781 | D:3      | Reached XP level 5. HP: 17/41 MP: 8/8
  3008 | D:3      | You fall through a shaft for 2 floors!
  3008 | D:5      | Entered Level 5 of the Dungeon
  3033 | D:5      | Reached skill level 1 in Shields
  3123 | D:5      | Noticed Menkaure
  3147 | D:5      | Banished Menkaure
  3147 | D:5      | Reached skill level 5 in Invocations
  3162 | D:4      | Found Maxoiphu's Food Shop.
  3476 | D:4      | Reached XP level 6. HP: 43/48 MP: 9/9
  4500 | D:4      | Noticed Duvessa
  4500 | D:4      | Noticed Dowan
  4512 | D:4      | Banished Duvessa
  4516 | D:4      | Banished Dowan
  4592 | D:4      | Noticed Robin
  4604 | D:4      | Killed Robin
  4835 | D:3      | Noticed Jessica
  4842 | D:3      | Killed Jessica
  4842 | D:3      | Reached XP level 7. HP: 43/53 MP: 11/11
  5480 | D:3      | Reached skill level 6 in Invocations
  5515 | D:3      | Reached **** piety under Lugonu
  6372 | D:5      | Found a staircase to the Ecumenical Temple.
  6429 | D:5      | Found a shattered altar of Ashenzari.
  6433 | D:5      | Saw a vision of the Swamp and the Snake Pit.
  6433 | D:5      | Noticed a black mamba
  6433 | D:5      | Noticed a black mamba
  6433 | D:5      | Noticed a black mamba
  6433 | D:5      | Noticed a black mamba
  6433 | D:5      | Noticed an alligator
  6433 | D:5      | Noticed a naga sharpshooter
  6434 | D:5      | Noticed a black mamba
  6434 | D:5      | Noticed a naga sharpshooter
  6435 | D:5      | Noticed a naga sharpshooter
  6651 | D:6      | Noticed Blork the orc
  6671 | D:6      | Killed Blork the orc
  6827 | D:6      | Gained mutation: You are mostly covered in large bone plates (AC +3, SH +3). [demonic ancestry]
  6827 | D:6      | Reached XP level 8. HP: 61/61 MP: 13/13
  7224 | D:6      | Found a bloodstained altar of Trog.
  7307 | D:6      | Reached skill level 7 in Invocations
  7365 | D:6      | Reached ***** piety under Lugonu
  7642 | D:6      | Gained mutation: You are agile. (Dex +2) [potion of mutation]
  7642 | D:6      | Gained mutation: You have an increased reservoir of magic (+10% MP). [potion of mutation]
  7642 | D:6      | Gained mutation: Potions and wands are less effective at restoring your health. [potion of mutation]
  7643 | D:6      | Gained mutation: You tend to lose your temper in combat. [potion of mutation]
  7643 | D:6      | Gained mutation: You often lose your temper in combat. [potion of mutation]
  7644 | D:6      | Lost mutation: Potions and wands are less effective at restoring your health. [potion of cure mutation]
  7644 | D:6      | Lost mutation: You are agile. (Dex +2) [potion of cure mutation]
  7644 | D:6      | Lost mutation: You have an increased reservoir of magic (+10% MP). [potion of cure mutation]
  7644 | D:6      | Lost mutation: You often lose your temper in combat. [potion of cure mutation]
  7644 | D:6      | Lost mutation: You tend to lose your temper in combat. [potion of cure mutation]
  7677 | D:7      | Noticed Pikel
  7677 | D:7      | Noticed ilikecats's ghost (novice HOFi)
  7694 | D:6      | Killed Pikel
  7694 | D:6      | Reached skill level 5 in Fighting
  7694 | D:6      | Reached skill level 5 in Long Blades
  7694 | D:6      | Reached skill level 8 in Invocations
  7697 | D:6      | Gained mutation: You have a pair of small antennae on your head. [demonic ancestry]
  7697 | D:6      | Reached XP level 9. HP: 55/68 MP: 13/15
  7880 | D:7      | Banished ilikecats's ghost
  7942 | D:7      | Found Voudogim's Antique Armour Emporium.
  7999 | D:7      | Bought a scorched chain mail for 323 gold pieces
  8009 | D:7      | Identified the +3 chain mail of Jigsaw {rN+ Int-2 SInv} (You bought it in a shop on level 7 of the Dungeon)
  8024 | D:7      | Gained mutation: Scrolls take you a little longer to read. [potion of mutation]
  8024 | D:7      | Gained mutation: You are frail (-10% HP). [potion of mutation]
  8024 | D:7      | Gained mutation: You regenerate slowly when monsters are visible. [potion of mutation]
  8025 | D:7      | Gained mutation: You are weak. (Str -2) [potion of mutation]
  8025 | D:7      | Gained mutation: Scrolls take you longer to read. [potion of mutation]
  8025 | D:7      | Gained mutation: You are somewhat resistant to further mutation. [potion of mutation]
  8049 | D:7      | Found an ancient bone altar of Kikubaaqudgha.
  8096 | D:7      | Found a basalt altar of Yredelemnul.
  8213 | D:7      | Noticed an angel
  8213 | D:7      | Found a shimmering altar of Xom.
  8213 | D:7      | Found a glowing silver altar of Zin.
  8256 | D:7      | Found a glowing golden altar of the Shining One.
  8263 | D:7      | Found a sacrificial altar of Ru.
  8267 | D:7      | Reached skill level 5 in Dodging
  8982 | D:8      | Reached skill level 9 in Invocations
  9415 | D:8      | Found a staircase to the Lair.
  9810 | D:9      | Found a deep blue altar of Sif Muna.
  9854 | D:9      | Found an iron altar of Okawaru.
  9940 | D:9      | Found a sparkling altar of Nemelex Xobeh.
  9940 | D:9      | Found a stormy altar of Qazlal.
 10109 | D:9      | Got a faintly humming chain mail
 10120 | D:9      | Identified the +1 chain mail of Divine Intervention {rPois} (You found it on level 9 of the Dungeon)
 10287 | D:9      | Gained mutation: A weak demonic guardian rushes to your aid. [demonic ancestry]
 10287 | D:9      | Reached XP level 10. HP: 60/68 MP: 17/17
 10569 | D:10     | Entered Level 10 of the Dungeon
 10594 | D:10     | Reached skill level 5 in Armour
 11189 | D:10     | Noticed Fannar
 11271 | D:10     | Banished Fannar
 11271 | D:10     | Reached skill level 10 in Invocations
 12141 | Lair:1   | Entered Level 1 of the Lair of Beasts
 12141 | Lair:1   | Noticed a black mamba
 12181 | Lair:1   | Killed a black mamba
 12440 | Lair:1   | Noticed a spiny frog
 12462 | Lair:1   | Banished a spiny frog
 12858 | Lair:1   | Noticed a four-headed hydra
 12859 | Lair:1   | Banished a four-headed hydra
 12859 | Lair:1   | Reached skill level 11 in Invocations
 13014 | Lair:1   | Gained mutation: Your flesh is cold resistant. [potion of mutation]
 13051 | Lair:1   | Reached XP level 11. HP: 73/74 MP: 19/19
 13563 | Lair:2   | Noticed a seven-headed hydra
 13657 | Lair:2   | Banished a seven-headed hydra
 13984 | Lair:2   | Noticed a five-headed hydra
 14004 | Lair:2   | Banished a five-headed hydra
 14045 | Lair:2   | Reached skill level 5 in Shields
 14311 | Lair:2   | Noticed a griffon
 14356 | Lair:2   | Killed a griffon
 16293 | Lair:2   | Reached skill level 12 in Invocations
 17850 | Lair:3   | Found a staircase to the Swamp.
 18236 | Lair:3   | Gained mutation: You are completely covered in large bone plates (AC +4, SH +4). [demonic ancestry]
 18236 | Lair:3   | Reached XP level 12. HP: 48/81 MP: 21/21
 18763 | Lair:4   | Noticed a catoblepas
 21171 | Lair:4   | Reached skill level 13 in Invocations
 21189 | Lair:3   | Noticed a seven-headed hydra
 21830 | Lair:3   | Banished a seven-headed hydra
 23244 | Lair:5   | Noticed a queen ant
 23281 | Lair:5   | Banished a queen ant
 24214 | Lair:5   | Noticed a seven-headed hydra
 24244 | Lair:5   | Killed a catoblepas
 24254 | Lair:5   | Banished a ten-headed hydra
 24672 | Lair:5   | Lost mutation: You are weak. (Str -2) [potion of cure mutation]
 24672 | Lair:5   | Lost mutation: You are frail (-10% HP). [potion of cure mutation]
 24672 | Lair:5   | Lost mutation: You regenerate slowly when monsters are visible. [potion of cure mutation]
 24672 | Lair:5   | Lost mutation: Scrolls take you longer to read. [potion of cure mutation]
 24672 | Lair:5   | Lost mutation: Scrolls take you a little longer to read. [potion of cure mutation]
 24775 | Lair:5   | Reached skill level 14 in Invocations
 24934 | Lair:5   | Reached skill level 10 in Long Blades
 25749 | Lair:5   | Gained mutation: You have a pair of antennae on your head. [demonic ancestry]
 25749 | Lair:5   | Reached XP level 13. HP: 99/99 MP: 23/23
 25919 | Lair:6   | Found a staircase to the Snake Pit.
 26219 | Lair:6   | Found a frozen archway.
 26246 | Lair:6   | Corrupted Lair:6
 26246 | Lair:6   | Noticed a starcursed mass
 26246 | Lair:6   | Noticed a starcursed mass
 26246 | Lair:6   | Noticed an Executioner
 26246 | Lair:6   | Noticed a cacodemon
 26246 | Lair:6   | Noticed a tentacled starspawn
 26246 | Lair:6   | Noticed a starcursed mass
 26249 | Lair:6   | Noticed a blizzard demon
 26249 | Lair:6   | Noticed a tentacled starspawn
 26250 | Lair:6   | Noticed a reaper
 26325 | Lair:6   | Killed Maud
 26342 | Lair:6   | Noticed a bone dragon
 26378 | IceCv    | Entered an ice cave
 28009 | IceCv    | Reached skill level 10 in Dodging
 28707 | Lair:6   | Found a staircase to the Slime Pits.
 29509 | Lair:7   | Reached skill level 1 in Evocations
 29538 | Lair:7   | Reached skill level 15 in Invocations
 29784 | Lair:7   | Noticed Stoats's ghost (journeyman DrCj)
 29808 | Lair:7   | Banished Stoats's ghost
 30874 | Lair:8   | Entered Level 8 of the Lair of Beasts
 31863 | Lair:8   | Gained mutation: You are immune to clouds of flame. [demonic ancestry]
 31863 | Lair:8   | Reached XP level 14. HP: 100/108 MP: 25/25
 32118 | Lair:8   | Found an oddly glowing altar of Pakellas.
 33496 | Lair:8   | Got an ichor-stained chain mail
 33507 | Lair:8   | Identified the +5 chain mail "Tisaanwu" {MR+ Str+2 Slay-5} (You found it on level 8 of the Lair of Beasts)
 33985 | D:11     | Found a staircase to the Orcish Mines.
 34333 | D:11     | Reached skill level 16 in Invocations
 35507 | D:12     | Found Fuysodau's Gadget Shop.
 35829 | D:12     | Found Letyrgh's Antique Weapon Shop.
 36131 | D:12     | Noticed Snorg
 36147 | D:12     | HP: 1/108 [Snorg (18)]
 36147 | D:12     | Mangled by Snorg

Skill      XL: |  1  2  3  4  5  6  7  8  9 10 11 12 13 14 |
---------------+-------------------------------------------+-----
Armour         | 2 3 4 5 6 7 8 |  8.3
Invocations    | 3 4 5 6 8 9 11 12 14 15 16 | 16.2
Long Blades    | 2 3 4 5 6 7 8 10 11 | 11.5
Dodging        | 1 2 3 4 5 7 8 9 10 11 | 11.3
Shields        | 1 2 3 4 5 |  5.2
Fighting       | 4 5 6 7 8 9 |  9.6
Evocations     | 2 4 |  4.0

Action                   |  1- 3 |  4- 6 |  7- 9 | 10-12 | 13-15 || total
-------------------------+-------+-------+-------+-------+-------++-------
Melee: Falchion          |   150 |    24 |       |       |       ||   174
       Dagger            |       |   298 |   824 |  1160 |       ||  2282
       Whip              |       |    13 |       |       |       ||    13
       Long sword        |       |       |    72 |     3 |       ||    75
       Scimitar          |       |       |       |   858 |  1305 ||  2163
       Great sword       |       |       |       |       |    83 ||    83
Invok: Banish            |       |     5 |     6 |    41 |    23 ||    75
       Bend Space        |       |       |     1 |     3 |     3 ||     7
       Corrupt           |       |       |       |       |     1 ||     1
Evoke: Wand              |       |       |       |     3 |     1 ||     4
       Deck              |       |       |       |     1 |       ||     1
  Use: Scroll            |     4 |       |    12 |    12 |     6 ||    34
       Potion            |       |       |     6 |     3 |     1 ||    10
 Stab: Distracted        |       |       |       |    11 |     4 ||    15
       Petrified         |       |       |       |       |     1 ||     1
  Eat: Chunk             |     2 |    11 |    14 |    38 |    21 ||    86
       Fruit             |       |     2 |       |     1 |       ||     3
       Beef jerky        |       |       |     1 |       |     3 ||     4
       Meat ration       |       |       |     1 |     4 |     3 ||     8
       Royal jelly       |       |       |       |     3 |       ||     3
       Pizza             |       |       |       |     1 |       ||     1
Armor: Leather armour    |    12 |       |       |       |       ||    12
       Ring mail         |    70 |   138 |   138 |       |       ||   346
       Scale mail        |       |       |   105 |       |       ||   105
       Chain mail        |       |       |   124 |   780 |   578 ||  1482
       Crystal plate arm |       |       |       |       |    88 ||    88
       Skin              |       |       |       |       |    67 ||    67
Dodge: Dodged            |    93 |   165 |   358 |   685 |   683 ||  1984
Block: Buckler           |    34 |    88 |   236 |   699 |   607 ||  1664
       Other             |     2 |       |       |       |    25 ||    27
